 Dungeon Crawl Stone Soup version 0.31.0-11-ge490571c62 (webtiles) character file.

Game seed: 12126423014447033295

22 qw the Shooter (level 2, 0/16 HPs)
             Began as a Deep Elf Hunter on Feb 4, 2024.
             Succumbed to their own poison gas
             ... on level 1 of the Dungeon.
             The game lasted 00:00:03 (707 turns).

qw the Shooter (Deep Elf Hunter)                     Turns: 707, Time: 00:00:04

Health: 0/16       AC:  3    Str:  8    XL:     2   Next: 68%
Magic:  4/4        EV: 12    Int: 13    God:
Gold:   58         SH:  0    Dex: 18    Spells: 1/1 levels left

rFire   . . .        a - +0 shortbow
rCold   . . .        (shield currently unavailable)
rNeg    . . .        c - +0 leather armour
rPois   .            (no helmet)
rElec   .            (no cloak)
rCorr   .            (no gloves)
SInv    .            (no boots)
Will    .....        (no amulet)
Stlth   ++           (no ring)
HPRegen 0.22/turn    (no ring)
MPRegen 0.09/turn

%: no passive effects
@: lethally poisoned (0 -> -13)
A: no striking features
a: no special abilities


You were on level 1 of the Dungeon.
You visited 1 branch of the dungeon, and saw 1 of its levels.

You collected 58 gold pieces.


   Skills:
 - Level 1.5 Fighting
 + Level 6.4 Ranged Weapons
 - Level 2.4 Dodging
 - Level 1.2 Stealth


You had one spell level left.
You didn't know any spells.
Your spell library was empty.

Inventory:

Hand Weapons
 a - a +0 shortbow (weapon)
Armour
 c - a +0 leather armour (worn)
Scrolls
 g - a scroll of enchant armour
Potions
 e - a potion of enlightenment {unknown}
 f - a potion of attraction {unknown}

Dungeon Overview and Level Annotations

Branches:
Dungeon (1/15)

Altars:


Message History

The air fills with toxic fumes!
As you read the scroll labelled PUCOMA ESSITASECI, it crumbles to dust.
It was a scroll of poison.
Done exploring.
694 ||| DRINKING 3 emerald potions.
It was a potion of curing.
You feel better.
Done exploring.
What level of the Dungeon? (default 1, ? - help) Sorry, I don't know how to get there.
Enter note:
Enter note:
Enter note:
Enter note:
Enter note:
Enter note:
Enter note:
Enter note:
Enter note: You are engulfed in poison gas.
You are lethally poisoned!
You feel very sick.
696 ||| Stepping ~*~*~tactically~*~*~ (cloud).
You feel very sick.
697 ||| DRINKING 2 potions of curing.
You feel better.
697 ||| (to cure poison)
You are engulfed in poison gas.
You are lethally poisoned!
You feel very sick.
699 ||| Stepping ~*~*~tactically~*~*~ (cloud).
You feel very sick.
700 ||| DRINKING potion of curing.
You feel better.
700 ||| (to cure poison)
You start resting.
HP restored.
You are engulfed in poison gas.
You are lethally poisoned!
You feel very sick.
706 ||| Stepping ~*~*~tactically~*~*~ (cloud).
You feel very sick.
There is a lethal amount of poison in your body!
You die...

.......####...##.##.>.##..####.##
.####).# ##.#####..<..##........
.##....# #.# ##.0...0.###......
.##%##.## #.###..00000..##.#####
.##.#...####.##00...0.0...### #
............##.}..¤¤¤0...}.## #
##......#####0¤0.00¤0.......#####
...#...## ##0.000.}.000...}..##..
##...### ##..¤00@..0..........###
....## #.¤0.0.0¤0..0..}......##
##..# #00.00..0.¤000........##
#..# ##00000.¤00000.......##.
#..# ##########.############ #..#
#.####.####### #..#
#......#...... #..#
######.......# #..# ###.###)#


There were no monsters in sight!

Vanquished Creatures
  5 ball pythons (D:1)
  A bat (D:1)
  An endoplasm (D:1)
  A giant cockroach (D:1)
  2 goblins (D:1)
  3 hobgoblins (D:1)
  A quokka (D:1)
  A kobold (D:1)
  4 rats (D:1)
19 creatures vanquished.

Notes
Turn   | Place    | Note
-------+----------+-------------------------------------------
     0 | D:1      | qw the Deep Elf Hunter began the quest for the Orb.
     0 | D:1      | Reached XP level 1. HP: 12/12 MP: 3/3
     0 | D:1      | 0 ||| qw: Version: 0.3-a-160-g6735b56
     0 | D:1      | 0 ||| qw: Game counter: 5941
     0 | D:1      | 0 ||| qw: Melee chars always use a shield: true
     0 | D:1      | 0 ||| qw: God list: Okawaru
     0 | D:1      | 0 ||| qw: Allow faded altars: false
     0 | D:1      | 0 ||| qw: Do Orc after clearing Dungeon:15 true
     0 | D:1      | 0 ||| qw: Do second Lair branch before Depths: true
     0 | D:1      | 0 ||| qw: Lair rune preference: random
     0 | D:1      | 0 ||| qw: Goals: Normal
     0 | D:1      | 0 ||| PLANNING D:1-11
    29 | D:1      | 29 ||| DROPPING +3 sling.
   270 | D:1      | Reached XP level 2. HP: 16/16 MP: 4/4
   283 | D:1      | Reached skill level 6 in Ranged Weapons
   392 | D:1      | 392 ||| READING 2 scrolls labelled XOCWIM CUNWU.
   392 | D:1      | 392 ||| ENCHANTING +0 shortbow.
   393 | D:1      | 393 ||| DROPPING scroll of butterflies.
   692 | D:1      | 692 ||| READING scroll labelled CUYKLUPNEICH.
   693 | D:1      | 693 ||| READING scroll labelled PUCOMA ESSITASECI.
   694 | D:1      | 694 ||| DRINKING 3 emerald potions.
   696 | D:1      | 696 ||| Stepping ~*~*~tactically~*~*~ (cloud).
   697 | D:1      | 697 ||| DRINKING 2 potions of curing.
   697 | D:1      | 697 ||| (to cure poison)
   699 | D:1      | 699 ||| Stepping ~*~*~tactically~*~*~ (cloud).
   699 | D:1      | HP: 4/16 [poisoned by you (poison gas)]
   700 | D:1      | 700 ||| DRINKING potion of curing.
   700 | D:1      | 700 ||| (to cure poison)
   706 | D:1      | 706 ||| Stepping ~*~*~tactically~*~*~ (cloud).
   706 | D:1      | HP: 2/16 [poisoned by you (poison gas)]
   707 | D:1      | Succumbed to their own poison gas

Levels and vault maps discovered:
D:1:      dpeg_arrival_lava_temple_mockup, layout_loops_ring,
          grunt_decor_one_mirror, minmay_pentomino_o4

Skill      XL: |  1  2 |
---------------+-------+-----
Ranged Weapons | 6 |  6.4
Fighting       | |  1.5
Dodging        | |  2.4
Stealth        | |  1.2

Action                     || total
---------------------------++-------
   Fire: Shortbow          ||    59
    Use: Scroll            ||     3
         Potion            ||     3
 Armour: Leather armour    ||    16
  Dodge: Dodged            ||    11

Table legend:
 A = Non-vault XP
 B = Vault XP
 C = Vault XP percentage of total XP
 D = Non-vault monster count
 E = Vault monster count
 F = Vault count percentage of total count
                 A         B        C        D         E       F
            +---------+---------+-------+---------+---------+-------
      Total |      25 |       7 |  21.9 |      15 |       4 |  21.1
            +---------+---------+-------+---------+---------+-------
        D:1 |      25 |       7 |  21.9 |      15 |       4 |  21.1
            +---------+---------+-------+---------+---------+-------
